 Dungeon Crawl Stone Soup version 0.32-a0-986-ga09f62fbf4 (webtiles) character file.

Game seed: 9072092392673878432

6 elagabalus the Twirler (level 1, 18/18 HPs)
             Began as a Minotaur Gladiator on Apr 21, 2024.
             Quit the game on level 1 of the Dungeon.
             The game lasted 00:03:41 (517 turns).

elagabalus the Twirler (Minotaur Gladiator)          Turns: 517, Time: 00:03:42

Health: 18/18      AC:  5    Str: 18    XL:     1   Next: 75%
Magic:  0/0        EV: 11    Int:  5    God:
Gold:   72         SH:  0    Dex: 11    Spells: 0/0 levels left

rFire   . . .        a - +0 quarterstaff
rCold   . . .        (shield currently unavailable)
rNeg    . . .        b - +0 leather armour
rPois   .            c - +0 hat
rElec   .            (no cloak)
rCorr   .            i - +0 pair of gloves
SInv    .            j - +0 pair of boots
Will    .....        (no amulet)
Stlth   +            (no ring)
HPRegen 0.23/turn    (no ring)
MPRegen 0.07/turn

%: no passive effects
@: no status effects
A: horns 2, retaliatory headbutt
a: no special abilities


You were on level 1 of the Dungeon.
You visited 1 branch of the dungeon, and saw 1 of its levels.

You collected 72 gold pieces.

Inventory:

Hand Weapons
 a - a +0 quarterstaff (weapon)
 h - a +0 orcbow
Missiles
 d - 4 throwing nets (quivered)
 e - a javelin
Armour
 b - a +0 leather armour (worn)
 c - a +0 hat (worn)
 i - a +0 pair of gloves (worn)
 j - a +0 pair of boots (worn)
Talismans
 m - a blade talisman
Scrolls
 f - a scroll of torment {unknown}
 g - 2 scrolls of noise {unknown}
 l - a scroll of identify {unknown}
Potions
 k - a potion of heal wounds {unknown}


   Skills:
 - Level 2.4 Fighting
 * Level 4.2 Staves
 - Level 2.0 Throwing
 - Level 3.2 Dodging


You couldn't memorise any spells.
You didn't know any spells.
Your spell library was empty.

Dungeon Overview and Level Annotations

Branches:
Dungeon (1/15)

Altars:


Innate Abilities, Weirdness & Mutations

You have a pair of horns on your head.
You reflexively headbutt those who attack you in melee.


Message History

You continue putting on your +0 pair of boots. x4
You finish putting on your +0 pair of boots.
Found 13 gold pieces.
You see here 3 stones.
Found a fizzy orange potion.
You now have 63 gold pieces (gained 13).
Found a stone staircase leading down.
A rat comes into view.
The rat squeaks loudly.
You see here a fizzy orange potion.
k - a fizzy orange potion You closely miss the rat.
Your headbutt misses the rat. The rat barely misses you.
You furiously retaliate!
You headbutt the rat!
You kill the rat!
You open the door.
There is an open door here.
There is an open door here.
Found a scroll labelled HOYMMOTREH.
Found a faded altar of an unknown god.
Found a blade talisman.
Found a throwing net.
l - a scroll labelled HOYMMOTREH You see here a blade talisman.
m - a blade talisman
There is a faded altar of an unknown god here.
This altar belongs to (a) Ru, (b) Dithmenos or (c) Lugonu, but you can't tell which.
Press the corresponding letter to learn more about a god, or press enter to convert or escape to cancel.
Okay, then.
d - 4 throwing nets (gained 1)
You open the door.
Found a dagger.
There is an open door here.
You open the door. You open the door.
There is an open door here.
Found 9 gold pieces.
You now have 72 gold pieces (gained 9).
Clearing monster memory.
Saving game... please wait.
Welcome back, elagabalus the Minotaur Gladiator.
Press ? for a list of commands and other information.
Are you sure you want to abandon this character and quit the game? (Confirm with "yes".)

### ###
#.######.###############
##......................#
...#####..######.######.#
...............#.# #.#
########..#.####.# #.#
..............#.@# #.#
.#######.######..# #.#
.............#...######.###
.#####..######............# .#
#.....##....######.######
.#####..#...#................#
...........##....######.####.#
.###........#....# #.####.#
............# #.#....#


There were no monsters in sight!

Vanquished Creatures
  2 ball pythons (D:1)
  A goblin (D:1)
  4 rats (D:1)
7 creatures vanquished.

Notes
Turn   | Place    | Note
-------+----------+-------------------------------------------
     0 | D:1      | elagabalus the Minotaur Gladiator began the quest for the
                  | Orb.
     0 | D:1      | Reached XP level 1. HP: 18/18 MP: 0/0
   180 | D:1      | Reached skill level 4 in Staves
   388 | D:1      | Found a faded altar of an unknown god.
   517 | D:1      | Quit the game

Illustrated notes

Levels and vault maps discovered:
D:1:      onia_arrival_handbag, layout_basic, hellmonk_ecumenical_altar_zigzags

Skill      XL: |  1 |
---------------+----+-----
Staves         | 4 |  4.2
Fighting       | |  2.4
Throwing       | |  2.0
Dodging        | |  3.2

Action                     || total
---------------------------++-------
  Melee: Quarterstaff      ||     7
   Stab: Sleeping          ||     1
 Armour: Leather armour    ||     1
  Dodge: Dodged            ||     4

Table legend: (Time is in decaauts)
 A = Elapsed time spent in this place.
 B = Non-inter-level travel time spent in this place.
 C = Inter-level travel time spent in this place.
 D = Time resting spent in this place.
 E = Time spent auto-exploring this place.
 F = Levels seen in this place.
 G = Mean time per level.
                   A        B        C        D        E       F      G
               +--------+--------+--------+--------+--------+-----+--------+
         Total |    517 |    517 |      0 |      0 |      0 |   1 |  517.0 |
       Dungeon |    517 |    517 |      0 |      0 |      0 |   1 |  517.0 |
               +--------+--------+--------+--------+--------+-----+--------+

Top non-repeatable levels by time:
     D:1: 517 daAuts
